 Dungeon Crawl Stone Soup version 0.23.2-33-g5129a83184 (webtiles) character file.

Game seed: 9277272700930797023

961 funkygono the Cudgeler (level 8, -4/48 HPs)
             Began as a Gargoyle Fighter on July 16, 2019.
             Was a Follower of Elyvilon.
             Slain by a mummy (7 damage)
             ... in an ossuary.
             The game lasted 00:11:08 (4345 turns).

funkygono the Cudgeler (Gargoyle Fighter)           Turns: 4345, Time: 00:11:09

Health: -4/48      AC: 13    Str: 22    XL:     8   Next: 15%
Magic:  8/8        EV:  8    Int:  9    God:    Elyvilon [*.....]
Gold:   329        SH: 10    Dex:  9    Spells: 7/7 levels left

rFire    . . .     SeeInvis .   i - +2 mace (crush)
rCold    . . .     Gourm    .   c - +0 shield
rNeg     + + .     Faith    .   b - +0 scale mail
rPois    ∞         Spirit   .   (no helmet)
rElec    +         Reflect  .   x - scarf {repulsion}
rCorr    .         Harm     .   (no gloves)
MR       .....                  (no boots)
Stlth    ..........             (no amulet)
HPRegen  0.16/turn              r - ring of positive energy
MPRegen  0.11/turn              (no ring)

@: repel missiles
A: negative energy resistance 1, electricity resistance, unbreathing,
petrification resistance, rot immunity, AC +5
a: Lesser Healing, Divine Protection, Renounce Religion


You were in an ossuary.
You worshipped Elyvilon.
Elyvilon was aware of your devotion.
You were not hungry.

You visited 2 branches of the dungeon, and saw 7 of its levels.
You also visited: Ossuary.

You collected 329 gold pieces.

Inventory:

Hand Weapons
 a - a +1 flail
 i - a +2 mace of crushing (weapon)
 A - a +1 whip of venom
Missiles
 e - 95 stones (quivered)
 j - 30 sling bullets
 k - 35 bolts
Armour
 b - a +0 scale mail (worn)
 c - a +0 shield (worn)
 g - a +0 large shield
 x - a scarf of repulsion (worn)
Jewellery
 r - a ring of positive energy (left hand)
Wands
 C - a wand of polymorph (11)
Scrolls
 l - 2 scrolls of remove curse
 n - a scroll of blinking
 s - 5 scrolls of identify
 t - 2 scrolls of immolation
 u - 2 scrolls of fear
 w - 4 scrolls of teleportation
 y - a scroll of enchant weapon
 B - a scroll of amnesia
Potions
 h - 2 potions of mutation
 m - a potion of haste
 o - a potion of agility
 p - 2 potions of flight
 q - a potion of brilliance
 v - 2 potions of curing
Comestibles
 d - 7 chunks of flesh
 f - 13 rations


   Skills:
 + Level 4.7 Fighting
 + Level 6.3 Maces & Flails
 + Level 5.3 Armour
 + Level 1.7 Dodging
 + Level 0.6 Stealth
 + Level 5.2 Shields


You had 7 spell levels left.
You didn't know any spells.
Your spell library was empty.

Dungeon Overview and Level Annotations

Branches:
Dungeon (6/15)             Temple (1/1) D:5

Altars:
Ashenzari
Cheibriados
Elyvilon
Gozag
Hepliaklqana
Makhleb
Nemelex Xobeh
Okawaru
Qazlal
Ru
Sif Muna
Trog
Uskayaw
Vehumet
Wu Jian
Xom
Yredelemnul
Zin


Innate Abilities, Weirdness & Mutations

You are resistant to torment.
Your stone body is resilient. (AC +5)
You are immune to poison.
You resist negative energy. (rN+)
You are resistant to electric shocks. (rElec)
You can survive without breathing.
You are immune to petrification.
You are immune to rotting.


Message History

You sock the mummy!
You destroy the mummy!
You block the mummy's attack.
You barely miss the mummy. You block the mummy's attack.
You hit the mummy.
The mummy is moderately damaged.
The mummy hits you.
* * * LOW HITPOINT WARNING * * *
You sock the mummy!
The mummy is almost destroyed.
The mummy hits you but does no damage. The mummy closely misses you.
You barely miss the mummy.
The mummy is almost destroyed.
You block the mummy's attack.
You hit the mummy.
You destroy the mummy!
The mummy hits you!
* * * LOW HITPOINT WARNING * * *
You barely miss the mummy. The mummy barely misses you. The mummy hits you!
You die...

#..###....#
#..#.#....#.......
#..#.#....#...!??.
#..'.'....#..?!$??
#..########..?$∩$?
#..#.#....#..!/$??
#..#.#....#...?!?.
#..'.'....#M......
#..###....@M......
#..# #############
#..# #..+ #..#
#..# #..


You could see 2 mummies.

Vanquished Creatures
  Prince Ribbit (D:5)
  Menkaure (Ossuary)
  An elf zombie (Ossuary)
  A scorpion (D:4)
  A centaur zombie (Ossuary)
  A crimson imp (D:5)
  A hound (D:5)
  3 orc priests
  An iguana (D:6)
  2 orc wizards
  A big kobold zombie (Ossuary)
  2 mummies (Ossuary)
  4 gnolls (D:6)
  6 adders
  3 oozes
  4 worms
  2 dart slugs
  3 leopard geckos
  21 orcs
  2 ball pythons
  3 giant cockroaches
  11 goblins
  9 hobgoblins
  8 jackals
  8 kobolds
  2 quokkas (D:5)
  5 bats
  4 frilled lizards
  2 hobgoblin zombies (Ossuary)
  A kobold zombie (Ossuary)
  8 rats
  A rat zombie (Ossuary)
123 creatures vanquished.

Notes
Turn   | Place    | Note
-------+----------+-------------------------------------------
     0 | D:1      | funkygono the Gargoyle Fighter began the quest for the Orb.
     0 | D:1      | Reached XP level 1. HP: 14/14 MP: 1/1
   135 | D:1      | Reached XP level 2. HP: 18/19 MP: 2/2
   458 | D:1      | Reached XP level 3. HP: 20/23 MP: 3/3
   830 | D:1      | Reached skill level 3 in Maces & Flails
  1013 | D:2      | Reached XP level 4. HP: 29/29 MP: 4/4
  1657 | D:3      | Reached XP level 5. HP: 31/33 MP: 5/5
  2088 | D:4      | Reached skill level 4 in Maces & Flails
  2580 | D:4      | Reached XP level 6. HP: 35/38 MP: 6/6
  2658 | D:4      | Found a deep blue altar of Sif Muna.
  2776 | D:5      | Entered Level 5 of the Dungeon
  2800 | D:5      | Reached skill level 1 in Dodging
  2983 | D:5      | Found a staircase to the Ecumenical Temple.
  2997 | Temple   | Entered the Ecumenical Temple
  3210 | Temple   | Became a worshipper of Elyvilon the Healer
  3737 | D:5      | Noticed Prince Ribbit
  3757 | D:5      | Killed Prince Ribbit
  3757 | D:5      | Reached skill level 5 in Maces & Flails
  3757 | D:5      | Reached XP level 7. HP: 13/44 MP: 7/7
  4078 | D:6      | Reached skill level 5 in Shields
  4173 | D:6      | Reached * piety under Elyvilon
  4191 | D:6      | Reached skill level 5 in Armour
  4228 | D:6      | Found a sand-covered staircase.
  4237 | Ossuary  | Entered an ossuary
  4301 | Ossuary  | Reached skill level 6 in Maces & Flails
  4322 | Ossuary  | Noticed Menkaure
  4336 | Ossuary  | Killed Menkaure
  4336 | Ossuary  | Reached XP level 8. HP: 24/48 MP: 8/8
  4344 | Ossuary  | HP: 2/48 [mummy (12)]
  4345 | Ossuary  | Slain by a mummy

Skill      XL: |  1  2  3  4  5  6  7 |
---------------+----------------------+-----
Maces & Flails | 3 4 5 6 |  6.3
Shields        | 4 5 |  5.2
Fighting       | 4 |  4.7
Dodging        | 1 |  1.7
Armour         | 4 5 |  5.3
Stealth        | |  0.6

Action                   |  1- 3 |  4- 6 |  7- 9 || total
-------------------------+-------+-------+-------++-------
Melee: Flail             |   118 |   116 |       ||   234
       Mace              |       |    91 |    91 ||   182
Invok: Divine Protection |       |       |     1 ||     1
       Lesser Healing    |       |       |     1 ||     1
  Use: Scroll            |     4 |    12 |       ||    16
       Potion            |       |     2 |       ||     2
  Eat: Chunk             |     1 |     9 |     2 ||    12
Armor: Scale mail        |    75 |    94 |    34 ||   203
Dodge: Dodged            |    45 |    49 |    18 ||   112
       Deflected         |       |     1 |     1 ||     2
Block: Shield            |    58 |   103 |    19 ||   180
